AoeStats
← Folothommalannalkaani

Arabia

509078566Analyzed
1v1 RM · 8d ago on Sep 25, 2026· 53m 34s· 2 players
Game mode
Random Map
Map size
Tiny (2 player)
Population
200
Speed
Normal
Resources
Standard
Victory
Conquest
Starting age
Dark Age
Ending age
Imperial Age
RankedLock teamsTeams togetherTeam positionsShared explorationLock speedFull tech treeHidden civsTurbo modeCheats
Victory
Defeat
🇫🇮 Turks · Finland
880
+14
🇮🇳 Khmer · India
830
-14
Folothommalannalkaani
5:29 Loom
9:18 Feudal Age
25:51 Castle Age
25:58 Double-Bit Axe
25:59 Horse Collar
26:40 Heavy Plow
26:53 Bow Saw
27:11 Forging
28:22 Husbandry
30:22 Stone Mining
30:49 Bloodlines
30:31 Gold Mining
31:16 Fletching
32:09 Bodkin Arrow
33:28 Thumb Ring
33:55 Padded Archer Armor
36:55 Wheelbarrow
36:10 Town Watch
37:39 Leather Archer Armor
38:00 Ballistics
38:26 Hand Cart
40:37 Gold Shaft Mining
42:48 Sipahi
51:31 Imperial Age
50:32 Iron Casting
54:38 Parthian Tactics
LeLoi448
10:54 Feudal Age
10:27 Loom
11:20 Horse Collar
11:26 Double-Bit Axe
15:04 Forging
20:36 Castle Age
23:53 Wheelbarrow
23:31 Fletching
27:07 Heavy Plow
27:13 Husbandry
27:24 Bloodlines
30:27 Hand Cart
29:47 Light Cavalry
31:02 Ballistics
32:18 Iron Casting
35:08 Bodkin Arrow
39:34 Imperial Age
38:54 Elite Skirmisher
41:27 Double Crossbow
41:47 Bow Saw
42:11 Bracer
45:53 Pikeman
Connection lost

Rejoining the realm…

Still unreachable

The connection could not be restored.

Session expired

The server has moved on; the page needs a fresh start.